 Dungeon Crawl Stone Soup version 0.16.1-4-g8e1b745 (webtiles) character file.

680 inmateoo the Conjurer (level 7, -2/45 HPs)
             Began as an Octopode Conjurer on Mar 28, 2015.
             Was a Follower of Vehumet.
             Shot with an arrow by a centaur (11 damage)
             ... on level 5 of the Dungeon.
             The game lasted 00:08:46 (4932 turns).

inmateoo the Conjurer (Octopode Conjurer)           Turns: 4932, Time: 00:08:46

Health: -2/45      AC:  1    Str:  8    XL:     7   Next: 60%
Magic:  12/15      EV: 16    Int: 19    God:    Vehumet [*.....]
Gold:   205        SH:  0    Dex: 12    Spells: 3 memorised, 7 levels left

rFire  . . .     SeeInvis .     (no weapon)
rCold  . . .     Clarity  .     (no shield)
rNeg   . . .     SustAb   .     (helmet restricted)
rPois  .         Gourm    .     (no amulet)
rElec  .         Spirit   .     m - ring of stealth
rCorr  .         Warding  .     v - +3 ring of evasion
rMut   .         Stasis   .     (no ring)
MR     .....                    (no ring)
Stlth  +++++.....               (no ring)
                                (no ring)
                                (no ring)
                                (no ring)

@: very slightly contaminated, not resistant to hostile enchantments, quite
stealthy
A: almost no armour, amphibious, 8 rings, constrict 8, camouflage 1, gelatinous
body 1
a: Renounce Religion


You were on level 5 of the Dungeon.
You worshipped Vehumet.
Vehumet was aware of your devotion.
You were not hungry.

You visited 1 branch of the dungeon, and saw 5 of its levels.

You collected 205 gold pieces.

Inventory:

Jewellery
 m - a ring of stealth (left tentacle)
 v - a +3 ring of evasion (right tentacle)
Magical devices
 k - a wand of frost (25)
Scrolls
 a - 2 scrolls of remove curse
 o - a scroll of amnesia
 p - 2 scrolls of fear
 r - a scroll of teleportation
Potions
 d - a potion of resistance
 e - a potion of brilliance
 g - a potion of restore abilities
 h - a potion of curing {unknown}
 i - a potion of poison {unknown}
 l - 2 potions of agility {unknown}
 n - 3 potions of mutation {unknown}
 t - a potion of flight
 u - a potion of might {unknown}
Books
 c - a book of Conjurations

   Spells                             Type                      Level
   a - Magic Dart                     Conjuration                  1
   b - Searing Ray                    Conjuration                  2
   c - Dazzling Spray                 Conjuration/Hexes            3
   d - Fulminant Prism                Conjuration/Hexes            4
   e - Iskenderun's Mystic Blast      Conjuration                  4
   f - Iskenderun's Battlesphere      Conjuration/Charms           5
 q - a book of Battle

   Spells                             Type                      Level
   a - Infusion                       Charms                       1
   b - Shroud of Golubria             Charms/Translocation         2
   c - Song of Slaying                Charms                       2
   d - Spectral Weapon                Hexes/Charms                 3
   e - Regeneration                   Charms/Necromancy            3
Comestibles
 b - 8 bread rations
 f - 4 beef jerkies
 j - a meat ration


   Skills:
 + Level 2.0 Fighting
 + Level 3.8 Dodging
 + Level 5.6 Stealth
 + Level 3.6 Spellcasting
 * Level 6.3 Conjurations


You had 7 spell levels left.
You knew the following spells:

 Your Spells              Type           Power        Failure   Level  Hunger
a - Magic Dart            Conj           ####         1%          1    None
b - Searing Ray           Conj           ####..       1%          2    ##.....
c - Dazzling Spray        Conj/Hex       ###.....     12%         3    ###....


Dungeon Overview and Level Annotations

Branches:
Dungeon (5/15)             Temple (0/1) D:5

Altars:
Dithmenos
Gozag
Kikubaaqudgha
Makhleb
Qazlal
Ru
Sif Muna
Vehumet
Xom
Zin
The Shining One


Innate Abilities, Weirdness & Mutations

You cannot wear most types of armour.
You are amphibious.
You can wear up to eight rings at the same time.
You can use your tentacles to constrict many enemies at once.
Your skin changes colour to match your surroundings (Stealth).
Your rubbery body absorbs attacks (AC +1).


Message History

Casting: Magic Dart
Confirm with . or Enter, or press ? or * to list all spells.
Aiming: Magic Dart
Press: ? - help, Shift-Dir - straight line, f/p - orc
Aim: an orc, wielding a short sword and wearing a leather armour (severely wounded)
The magic dart hits the orc.
You kill the orc!
Vehumet accepts your kill.
You feel your power returning.
The centaur shoots an arrow.
The arrow hits you!
The orc priest invokes the aid of Beogh against you.
Something smites you!
* * * LOW HITPOINT WARNING * * *
The orc barely misses you.
Read which item? (? for menu, Esc to quit)
Blink to where?
Press: ? - help, Dir - move target cursor You are very lightly contaminated with residual magic.
As you read the scroll of blinking, it crumbles to dust.
The centaur shoots an arrow.
The arrow hits you!
You die...

##### #### #...## ###..##
#####....##########......
##........................
#.........................
####.....@#########.......
#.......# ##.......
####.......# #........
#..#.......# #........
###(......## #.>†.....
#.o.....# #........
#.(.....# #........
#...c.<.# #........
#......... ..........


You could see a centaur and an orc.

Vanquished Creatures
  An ogre (D:5)
  A phantom (D:2)
  2 centaurs (D:5)
  A crimson imp (D:3)
  The ghost of inmateoo the Conjurer, a weakling OpCj (D:3)
  2 worker ants
  Jessica (D:3)
  4 adders
  8 gnolls
  3 worms (D:2)
  An adder skeleton (D:4)
  3 giant geckos
  4 orcs
  3 ball pythons
  10 bats
  2 giant cockroaches
  14 goblins
  14 hobgoblins
  9 kobolds
  A quokka (D:3)
  2 jackals (D:5)
  10 rats
97 creatures vanquished.

Notes
Turn   | Place    | Note
--------------------------------------------------------------
     0 | D:1      | inmateoo, the Octopode Conjurer, began the quest for the Orb.
     0 | D:1      | Reached XP level 1. HP: 11/11 MP: 3/3
   130 | D:1      | Reached XP level 2. HP: 17/17 MP: 4/4
   643 | D:2      | Reached XP level 3. HP: 21/21 MP: 0/6
   647 | D:2      | Learned a level 2 spell: Searing Ray
   651 | D:2      | Learned a level 3 spell: Dazzling Spray
  1252 | D:2      | Reached XP level 4. HP: 27/27 MP: 1/8
  1331 | D:2      | Found a radiant altar of Vehumet.
  1338 | D:2      | Became a worshipper of Vehumet
  1665 | D:3      | Found a stormy altar of Qazlal.
  1666 | D:3      | Found an opulent altar of Gozag.
  1667 | D:3      | Found an ancient bone altar of Kikubaaqudgha.
  1667 | D:3      | Found a deep blue altar of Sif Muna.
  1667 | D:3      | Found a sacrificial altar of Ru.
  1667 | D:3      | Found a shadowy altar of Dithmenos.
  1703 | D:3      | Noticed Jessica
  1709 | D:3      | Killed Jessica
  1709 | D:3      | Reached skill level 5 in Conjurations
  1709 | D:3      | Reached XP level 5. HP: 29/31 MP: 4/9
  2111 | D:3      | You fall through a shaft!
  2415 | D:4      | Acquired Vehumet's first power
  2415 | D:4      | Offered knowledge of Sting by Vehumet.
  2696 | D:3      | Noticed inmateoo's ghost (weakling OpCj)
  2832 | D:3      | Killed inmateoo's ghost
  2832 | D:3      | Reached XP level 6. HP: 30/37 MP: 6/12
  3012 | D:2      | Noticed a phantom
  3283 | D:2      | Killed a phantom
  3283 | D:2      | Reached skill level 1 in Fighting
  3595 | D:3      | Reached skill level 5 in Stealth
  3792 | D:3      | Found a glowing silver altar of Zin.
  3802 | D:3      | Found a glowing golden altar of the Shining One.
  3908 | D:3      | Found a burning altar of Makhleb.
  3908 | D:3      | Found a shimmering altar of Xom.
  4016 | D:5      | Entered Level 5 of the Dungeon
  4016 | D:5      | Found a staircase to the Ecumenical Temple.
  4065 | D:5      | Reached skill level 6 in Conjurations
  4065 | D:5      | Reached XP level 7. HP: 43/43 MP: 11/15
  4932 | D:5      | Shot with an arrow by a centaur

Action                   |  1- 3 |  4- 6 |  7- 9 || total
-------------------------+-------+-------+-------++-------
Melee: Unarmed           |    17 |    28 |       ||    45
       Dagger            |     5 |       |       ||     5
 Cast: Magic Dart        |    48 |    68 |    19 ||   135
       Searing Ray       |     4 |    14 |     3 ||    21
       Dazzling Spray    |       |     1 |     1 ||     2
  Use: Scroll            |     4 |     6 |     4 ||    14
 Stab: Sleeping          |     5 |     2 |       ||     7
  Eat: Chunk             |     1 |     8 |     3 ||    12
       Beef jerky        |       |     1 |       ||     1
